 Dungeon Crawl Stone Soup version 0.25.1-2-g60ff931df9 (webtiles) character file.

Game seed: 18398540411575356451

64 H0rd4k the Insei (level 4, 0/28 HPs)
             Began as an Octopode Transmuter on Aug 4, 2020.
             Slain by a hobgoblin (1 damage)
             ... led by Robin
             ... while paralysed by a hobgoblin
             ... on level 3 of the Dungeon.
             The game lasted 00:02:33 (2414 turns).

H0rd4k the Insei (Octopode Transmuter)              Turns: 2414, Time: 00:02:33

Health: 0/28       AC:  1    Str:  9    XL:     4   Next: 12%
Magic:  6/7        EV:  2    Int: 16    God:
Gold:   218        SH:  0    Dex: 12    Spells: 2/8 levels left

rFire    . . .     SeeInvis .     - Unarmed
rCold    . . .     Gourm    .   (no shield)
rNeg     . . .     Faith    .   (helmet restricted)
rPois    .         Spirit   .   (no amulet)
rElec    .         Reflect  .   (no ring)
rCorr    .         Harm     .   (no ring)
MR       .....                  (no ring)
Stlth    ++........             (no ring)
HPRegen  0.09/turn              (no ring)
MPRegen  0.10/turn              (no ring)
                                (no ring)
                                (no ring)

@: paralysed
A: almost no armour, stealthy swim, amphibious, 8 rings, constrict 8, camouflage
1, gelatinous body 1
a: no special abilities


You were on level 3 of the Dungeon.
You were hungry.

You visited 1 branch of the dungeon, and saw 3 of its levels.

You collected 218 gold pieces.

Inventory:

Missiles
 a - 34 arrows
 k - 11 poisoned darts (quivered)
Jewellery
 h - an uncursed ring of flight {unknown}
Scrolls
 b - a scroll of fear {unknown}
 e - a scroll of blinking {unknown}
 f - 2 scrolls of magic mapping {unknown}
 g - 2 scrolls of identify {unknown}
 j - a scroll of enchant armour {unknown}
 l - a scroll of fog {unknown}
Potions
 d - 2 potions of might {unknown}
 i - a potion of flight {unknown}
 m - a potion of brilliance {unknown}
 n - a potion of stabbing {unknown}
 o - a potion of curing {unknown}
 p - a potion of haste {unknown}
Comestibles
 c - 4 rations


   Skills:
 + Level 1.0 Fighting
 + Level 2.7 Dodging
 + Level 0.5 Stealth
 + Level 3.7 Unarmed Combat
 * Level 2.5 Spellcasting
 * Level 2.3 Transmutations


You had 2 spell levels left.
You knew the following spells:

 Your Spells              Type           Power        Failure   Level  Hunger
a - Beastly Appendage     Tmut           #.....       8%          1    #......
b - Sticks to Snakes      Tmut           #.......     12%         2    ##.....
c - Spider Form           Tmut/Pois      #.........   36%         3    ###....

Your spell library contained the following spells:

 Spells                   Type           Power        Failure   Level  Hunger
 Ice Form                 Ice/Tmut       #.......     77%         4    #####..
 Blade Hands              Tmut           #.........   91%         5    ######.


Dungeon Overview and Level Annotations

Branches:
Dungeon (3/15)

Altars:
Fedhas
Makhleb
Nemelex Xobeh

Annotations:
D:2 1 runed translucent door, exclusion: door, Crazy Yiuf


Innate Abilities, Weirdness & Mutations

You cannot wear most types of armour.
You are very stealthy in the water. (Stealth+)
You are amphibious.
You can wear up to eight rings at the same time.
You can use your tentacles to constrict eight enemies at once.
Your skin changes colour to match your surroundings (Stealth+).
Your rubbery body absorbs attacks. (AC +1, EV +1)


Message History

* * * LOW HITPOINT WARNING * * *
The goblin wields a cursed +0 hunting sling.
The goblin shoots a stone.
The stone barely misses you. The bat barely misses you.
The bat hits you but does no damage. The bat closely misses you.
The goblin shoots a stone.
The stone misses you.
The hobgoblin zaps a wand.
You suddenly lose the ability to move!
The bat hits you but does no damage.
Your tentacle spike disappears.
The bat hits you but does no damage. The bat barely misses you.
The hobgoblin hits you.
* * * LOW HITPOINT WARNING * * *
The bat hits you.
* * * LOW HITPOINT WARNING * * *
The bat hits you.
* * * LOW HITPOINT WARNING * * *
The hobgoblin hits you.
* * * LOW HITPOINT WARNING * * *
The bat barely misses you. The hobgoblin hits you.
You die...

...)#.............
.................. ....
......######.<...........#
..#.....####.... ........#
..))..)o......# ....PP..####
....##........### ...♣♣.......
....)...÷......(###............
.#####........#................
# #.............@g#.b..........
...###.._....###bg............
## #.......# ###............
#.##.#### #............ ####.#
##........... #.# ##...)......
#.# #####..#### ..# ##


You could see a hobgoblin, a goblin (strong) and a bat.

Vanquished Creatures
  Robin (D:3)
  2 worms (D:2)
  2 dart slugs
  2 leopard geckos
  5 orcs (D:3)
  2 giant cockroaches
  3 goblins
  7 hobgoblins
  A quokka (D:3)
  A ball python (D:1)
  2 bats
  4 frilled lizards
  A kobold (D:2)
  3 rats (D:1)
36 creatures vanquished.

Notes
Turn   | Place    | Note
-------+----------+-------------------------------------------
     0 | D:1      | H0rd4k the Octopode Transmuter began the quest for the Orb.
     0 | D:1      | Reached XP level 1. HP: 13/13 MP: 3/3
   286 | D:1      | Reached XP level 2. HP: 13/18 MP: 5/5
  1168 | D:2      | Found a sparkling altar of Nemelex Xobeh.
  1256 | D:2      | Reached XP level 3. HP: 9/23 MP: 6/6
  1262 | D:2      | Learned a level 2 spell: Sticks to Snakes
  1266 | D:2      | Learned a level 3 spell: Spider Form
  1876 | D:2      | Found a blossoming altar of Fedhas.
  1943 | D:2      | Found a runed translucent door.
  1944 | D:2      | Noticed Crazy Yiuf
  2116 | D:3      | Found a burning altar of Makhleb.
  2393 | D:3      | Noticed Robin
  2403 | D:3      | Killed Robin
  2403 | D:3      | Reached XP level 4. HP: 8/28 MP: 5/7
  2410 | D:3      | Paralysed by a hobgoblin for 6 turns
  2413 | D:3      | HP: 1/28 [hobgoblin[Robin] (1)]
  2414 | D:3      | Slain by a hobgoblin

Illustrated notes

Levels and vault maps discovered:
D:1:      ncdulo_halloftheorcs, layout_loops_ring, minmay_heptomino_l4
D:2:      layout_loops_ring, nemelex_xobeh_ov_fountains_minmay,
          lemuel_doored_altar, uniq_crazy_yiuf_cottage
D:3:      layout_rooms, minmay_misc_feat_alley, serial_park_tiny_1,
          bloody_makhleb, uniq_robin

Action                   |  1- 3 |  4- 6 || total
-------------------------+-------+-------++-------
Melee: Unarmed           |    94 |       ||    94
       Constrict         |    24 |       ||    24
       Tentacles         |     9 |       ||     9
       Kick              |     9 |       ||     9
 Cast: Beastly Appendage |     5 |       ||     5
 Stab: Sleeping          |     6 |       ||     6
  Eat: Chunk             |     4 |       ||     4
Armor: Skin              |     5 |     3 ||     8
Dodge: Dodged            |    61 |     8 ||    69
